 Dungeon Crawl Stone Soup version 0.18.1-48-g4cf74bf (webtiles) character file.

4704 tyranidshit the Fighter (level 10, -9/87 HPs)
             Began as a Demonspawn Abyssal Knight on Sept 7, 2016.
             Was a High Priest of Lugonu.
             Engulfed by a cloud of flame (15 damage)
             ... on level 11 of the Dungeon.
             The game lasted 00:31:45 (6536 turns).

tyranidshit the Fighter (Demonspawn Abyssal Knight) Turns: 6536, Time: 00:31:46

Health: -9/87      AC: 16    Str: 17    XL:     10   Next: 21%
Magic:  11/11      EV:  5    Int: 13    God:    Lugonu [*****.]
Gold:   487        SH:  0    Dex: 12    Spells: 0 memorised, 9 levels left

rFire  . . .     SeeInvis .     Q - +0 battleaxe (vamp)
rCold  . . .     Gourm    .     n - +0 plate armour
rNeg   . . .     Faith    .     (shield currently unavailable)
rPois  .         Spirit   .     (helmet restricted)
rElec  .         Dismiss  .     (no cloak)
rCorr  +         Reflect  .     i - +2 pair of gloves
SustAt .         Harm     .     (no boots)
MR     .....                    l - amulet of regeneration
Stlth  ..........               x - ring of resist corrosion
                                d - ring of stealth

@: drained, not resistant to hostile enchantments, extremely unstealthy
A: claws 1, hooves 1, horns 2, nightstalker 2
a: Depart the Abyss, Bend Space, Banish, Corrupt, Enter the Abyss, Renounce
Religion


You were on level 11 of the Dungeon.
You worshipped Lugonu.
Lugonu was extremely pleased with you.
You were not hungry.

You visited 1 branch of the dungeon, and saw 11 of its levels.
You visited the Abyss 1 time.
You also visited: Sewer.

You collected 487 gold pieces.

Inventory:

Hand Weapons
 a - a +2 hand axe
 b - a +2 dagger of speed
 t - a +0 war axe of draining
 Q - a +0 vampiric battleaxe (weapon)
Missiles
 K - 2 throwing nets (quivered)
 P - 4 curare-tipped needles
Armour
 i - a +2 pair of gloves (worn)
 k - a +1 chain mail
 n - a +0 plate armour (worn)
 u - the +1 leather armour of Decompression {*Corrode +Inv rPois rC++}
   (You found it on level 5 of the Dungeon)

   It greatly protects you from cold.
   It protects you from poison.
   It lets you turn invisible.
   It may corrode you when you take damage.
 G - a +0 pair of gloves
 J - the +0 leather armour "Segec" {rElec MP-9 Int+2 SInv}
   (You found it on level 9 of the Dungeon)

   It affects your intelligence (+2).
   It insulates you from electricity.
   It affects your magic capacity (-9).
   It lets you see invisible.
Jewellery
 d - a ring of stealth (left hand)
 h - an uncursed ring of ice
 l - an amulet of regeneration (around neck)
 x - a ring of resist corrosion (right hand)
 H - an uncursed ring of ice
Wands
 c - a wand of paralysis (7/24)
 j - a wand of flame (18/48)
 z - a wand of lightning (0/15)
 C - a wand of paralysis (24/24)
 E - a wand of iceblast (5/15)
 L - a wand of polymorph (11/24)
Scrolls
 e - 2 scrolls of remove curse
 s - 3 scrolls of identify
 y - 2 scrolls of enchant weapon
 B - 2 scrolls of teleportation
 D - 2 scrolls of amnesia
Potions
 o - 4 potions of curing
 p - 3 potions of flight
 q - 2 potions of invisibility
 v - 2 potions of agility
 F - a potion of ambrosia
 M - a potion of brilliance
Books
 m - a book of the Warp

   Spells                             Type                      Level
   a - Recall                         Summoning/Translocation      3
   b - Gell's Gravitas                Hexes/Translocation          3
   c - Force Lance                    Conjuration/Translocation    4
   d - Warp Weapon                    Charms/Translocation         5
   e - Summon Forest                  Summoning/Translocation      5
 w - a book of Minor Magic

   Spells                             Type                      Level
   a - Magic Dart                     Conjuration                  1
   b - Blink                          Translocation                2
   c - Call Imp                       Summoning                    2
   d - Repel Missiles                 Charms/Air                   2
   e - Slow                           Hexes                        2
   f - Conjure Flame                  Conjuration/Fire             3
   g - Mephitic Cloud                 Conjuration/Poison/Air       3
Miscellaneous
 N - a phantom mirror
Comestibles
 f - 3 bread rations
 g - 6 fruits
 r - 2 meat rations
 I - 6 beef jerkies


   Skills:
 - Level 11.0(10.6) Fighting
 + Level 7.1(6.7) Axes
 + Level 7.0(6.6) Armour
 - Level 1.0(0.7) Dodging
 - Level 2.4(2.1) Invocations


You had 9 spell levels left.
You didn't know any spells.

Dungeon Overview and Level Annotations

Branches:
Dungeon (11/15)            Temple (0/1) D:7             Orc (0/2) D:9
   Lair: D:8-11

Altars:
Ashenzari
Dithmenos
Fedhas
Kikubaaqudgha
Makhleb
Pakellas
Qazlal
Ru
Sif Muna
Trog
Zin
The Shining One

Shops:
D:5 =

Annotations:
D:2 Crazy Yiuf
D:7 4 runed doors
D:10 Nergalle, Sonja


Innate Abilities, Weirdness & Mutations

You have sharp fingernails.
You have large cloven feet.
You have a pair of horns on your head.
You are significantly more attuned to the shadows.


Message History

You are engulfed in roaring flames.
* * * LOW HITPOINT WARNING * * *
The killer bee stings you but does no damage. x3
Unknown command.
Drink which item? (? for menu, Esc to quit)
You feel much better.
You are engulfed in roaring flames.
* * * LOW HITPOINT WARNING * * *
The killer bee stings you but does no damage. x2
You hit the killer bee. You headbutt the killer bee.
The killer bee is almost dead.
You are engulfed in roaring flames.
* * * LOW HITPOINT WARNING * * *
The killer bee stings you.
* * * LOW HITPOINT WARNING * * *
You are lethally poisoned!
The killer bee poisons you!
The killer bee stings you but does no damage.
Drink which item? (? for menu, Esc to quit)
You feel better.
You are engulfed in roaring flames.
You die...

)# .# <# #
.#
#.######.##
#...))y...#
....§@###.#
####§.# ..
#§§# ..
#..# . #..#
#..# ...l


You could see a killer bee.

Vanquished Creatures
  A hill giant (D:8)
  An ugly thing (D:11)
  Grinder (D:6)
  A wyvern (D:11)
  3 hungry ghosts
  Menkaure (D:7)
  A water moccasin (D:10)
  An orc warrior (D:8)
  An ice beast (D:10)
  A phantom (D:9)
  2 sky beasts
  3 ogres
  2 big kobolds
  3 giant frogs
  A wyvern zombie (D:6)
  2 scorpions (D:6)
  A killer bee (D:11)
  5 wights
  A howler monkey (D:6)
  3 crimson imps
  2 jellies
  7 hounds
  2 orc priests (D:4)
  4 orc wizards
  5 iguanas
  Natasha (D:1)
  6 worker ants
  4 worker ant zombies
  3 gnolls (D:2)
  15 adders
  2 river rats
  4 shadow imps
  An ooze (D:1)
  3 adder skeletons
  3 worms
  3 dart slugs
  5 giant geckos
  10 orcs
  10 ball pythons
  4 bats
  5 giant cockroaches
  7 goblins
  8 hobgoblins
  12 jackals
  12 kobolds
  A quokka (D:2)
  2 giant newts
  2 quokka skeletons
  14 rats
192 creatures vanquished.

Vanquished Creatures (collateral kills)
  A centaur (D:6)
  A scorpion (D:6)
  A hound (D:6)
  A worker ant (D:6)
4 creatures vanquished.

Grand Total: 196 creatures vanquished

Notes
Turn   | Place    | Note
--------------------------------------------------------------
     0 | Abyss:1  | tyranidshit the Demonspawn Abyssal Knight began the quest for the Orb.
     0 | Abyss:1  | Reached XP level 1. HP: 18/18 MP: 2/2
    47 | D:1      | Escaped the Abyss
   184 | D:1      | Gained mutation: You have a pair of small horns on your head. [demonic ancestry]
   184 | D:1      | Reached XP level 2. HP: 11/25 MP: 3/3
   325 | D:1      | Reached skill level 4 in Fighting
   398 | D:1      | Reached ** piety under Lugonu
   665 | D:2      | Noticed Natasha
   691 | D:1      | Noticed a crimson imp
   699 | D:1      | Killed Natasha
   699 | D:1      | Gained mutation: You have a pair of horns on your head. [demonic ancestry]
   699 | D:1      | Reached XP level 3. HP: 14/31 MP: 4/4
   825 | D:2      | Found an oddly glowing altar of Pakellas.
   828 | D:2      | Found a deep blue altar of Sif Muna.
   832 | D:2      | Found a shattered altar of Ashenzari.
   842 | D:2      | Found an ancient bone altar of Kikubaaqudgha.
   845 | D:2      | Found a blossoming altar of Fedhas.
   882 | D:3      | Gained mutation: You have sharp fingernails. [demonic ancestry]
   882 | D:3      | Reached XP level 4. HP: 24/38 MP: 5/5
   945 | D:3      | Reached skill level 5 in Fighting
  1141 | D:3      | Found a glowing drain.
  1160 | Sewer    | Entered a sewer
  1205 | Sewer    | Noticed a big kobold
  1210 | Sewer    | Reached *** piety under Lugonu
  1235 | Sewer    | Killed a big kobold
  1235 | Sewer    | Reached skill level 6 in Fighting
  1235 | Sewer    | Reached XP level 5. HP: 39/46 MP: 6/6
  1294 | Sewer    | Found a white marble altar of Elyvilon.
  1492 | D:3      | Found a stormy altar of Qazlal.
  1560 | D:3      | Found a glowing silver altar of Zin.
  1818 | D:2      | Found a sacrificial altar of Ru.
  1911 | D:2      | Gained mutation: You are slightly more attuned to the shadows. [demonic ancestry]
  1911 | D:2      | Reached XP level 6. HP: 53/53 MP: 7/7
  1988 | D:2      | Reached skill level 7 in Fighting
  2032 | D:2      | Reached **** piety under Lugonu
  2232 | D:2      | Noticed Crazy Yiuf
  2424 | D:4      | Found a shadowy altar of Dithmenos.
  2783 | D:4      | Reached skill level 8 in Fighting
  2789 | D:4      | Reached XP level 7. HP: 44/62 MP: 8/8
  2950 | D:4      | Found a glowing golden altar of the Shining One.
  3050 | D:5      | Entered Level 5 of the Dungeon
  3069 | D:5      | Found Otsoj's Jewellery Shop.
  3075 | D:5      | Got a slimy leather armour
  3087 | D:5      | Identified the +1 leather armour of Decompression {*Corrode +Inv rPois rC++} (You found it on level 5 of the Dungeon)
  3536 | D:6      | Noticed Grinder
  3536 | D:6      | Paralysed by Grinder for 7 turns
  3546 | D:6      | Paralysed by Grinder for 2 turns
  3550 | D:6      | Paralysed by Grinder for 6 turns
  3560 | D:6      | Killed Grinder
  3560 | D:6      | Reached skill level 9 in Fighting
  3651 | D:6      | Gained mutation: You are significantly more attuned to the shadows. [demonic ancestry]
  3651 | D:6      | Reached XP level 8. HP: 61/72 MP: 9/9
  3654 | D:6      | Reached skill level 10 in Fighting
  3799 | D:6      | Reached ***** piety under Lugonu
  3837 | D:6      | Reached skill level 11 in Fighting
  3869 | D:6      | Reached skill level 1 in Dodging
  4270 | D:7      | Noticed Menkaure
  4277 | D:7      | Killed Menkaure
  4329 | D:7      | Found a huge runed gate.
  4329 | D:7      | Found a huge runed gate.
  4329 | D:7      | Found a huge runed gate.
  4329 | D:7      | Noticed a griffon
  4329 | D:7      | Noticed a griffon
  4329 | D:7      | Noticed a polar bear
  4329 | D:7      | Noticed a griffon
  4330 | D:7      | Noticed a griffon
  4330 | D:7      | Noticed a polar bear
  4330 | D:7      | Found a huge runed gate.
  4330 | D:7      | Noticed a griffon
  4335 | D:7      | Noticed a polar bear
  4438 | D:7      | Found a staircase to the Ecumenical Temple.
  4585 | D:7      | Gained mutation: You have large cloven feet. [demonic ancestry]
  4585 | D:7      | Reached XP level 9. HP: 50/81 MP: 10/10
  4841 | D:8      | Noticed a hill giant
  4855 | D:8      | Killed a hill giant
  4884 | D:8      | Reached skill level 5 in Axes
  4884 | D:8      | Reached skill level 5 in Armour
  5149 | D:8      | Found a bloodstained altar of Trog.
  5542 | D:9      | Found a burning altar of Makhleb.
  5635 | D:9      | Got a faintly humming leather armour
  5646 | D:9      | Identified the +0 leather armour "Segec" {rElec MP-9 Int+2 SInv} (You found it on level 9 of the Dungeon)
  5717 | D:9      | Found a staircase to the Orcish Mines.
  6081 | D:10     | Entered Level 10 of the Dungeon
  6081 | D:10     | Noticed Sonja
  6447 | D:10     | Reached XP level 10. HP: 87/87 MP: 11/11
  6458 | D:10     | Noticed Nergalle
  6507 | D:11     | Noticed a white ugly thing
  6519 | D:11     | Killed a white ugly thing
  6535 | D:11     | HP: 1/87 [cloud of flame (25)]
  6536 | D:11     | Engulfed by a cloud of flame

Skill      XL: |  1  2  3  4  5  6  7  8  9 10 |
---------------+-------------------------------+-----
Fighting       | 4 6 8 9 11 | 11.0
Dodging        | 1 |  1.0
Axes           | 3 6 7 |  7.1
Armour         | 3 6 7 |  7.0
Invocations    | |  2.4

Action                   |  1- 3 |  4- 6 |  7- 9 | 10-12 || total
-------------------------+-------+-------+-------+-------++-------
Melee: Hand axe          |    76 |   228 |     4 |       ||   308
       Headbutt          |     7 |    33 |    68 |    13 ||   121
       Dagger            |       |    31 |       |       ||    31
       War axe           |       |       |   389 |    22 ||   411
       Kick              |       |       |    46 |    11 ||    57
       Battleaxe         |       |       |       |     7 ||     7
Evoke: Wand              |       |       |    15 |     4 ||    19
  Use: Potion            |     4 |     4 |     7 |     2 ||    17
       Scroll            |     2 |     5 |    14 |     1 ||    22
 Stab: Sleeping          |       |       |     1 |       ||     1
       Paralysed         |       |       |    16 |     9 ||    25
  Eat: Bread ration      |       |     2 |     4 |     1 ||     7
       Fruit             |       |       |     6 |       ||     6
       Meat ration       |       |       |     2 |       ||     2
       Beef jerky        |       |       |     2 |       ||     2
       Royal jelly       |       |       |     1 |       ||     1
       Chunk             |       |       |     1 |       ||     1
Armor: Leather armour    |     7 |       |       |       ||     7
       Skin              |     6 |       |       |       ||     6
       Chain mail        |    73 |   193 |   293 |       ||   559
       Plate armour      |       |       |    56 |    33 ||    89
Dodge: Dodged            |    31 |    91 |   133 |     8 ||   263
